 Dungeon Crawl Stone Soup version 0.24.0-13-gcf9b319 (webtiles) character file.

Game seed: 8981191195950749120, levelgen mode: deterministic

42 mordie1001 the Skirmisher (level 3, 0/29 HPs)
             Began as a Demonspawn Chaos Knight on Mar 19, 2020.
             Was a Plaything of Xom.
             Slain by a goblin
             ... wielding a +0 club
             ... led by Robin
              (3 damage)
             ... on level 2 of the Dungeon.
             The game lasted 00:06:23 (1357 turns).

mordie1001 the Skirmisher (Demonspawn Chaos Knight) Turns: 1357, Time: 00:06:24

Health: 0/29       AC:  6    Str: 13    XL:     3   Next: 33%
Magic:  3/3        EV: 11    Int: 13    God:    Xom [..*...]
Gold:   24         SH:  0    Dex: 12    Spells: 2/2 levels left

rFire    . . .     SeeInvis .   a - +0 spear (chaos)
rCold    . . .     Gourm    .   (no shield)
rNeg     . . .     Faith    .   b - +2 leather armour
rPois    .         Spirit   .   (helmet restricted)
rElec    .         Reflect  .   (no cloak)
rCorr    .         Harm     .   h - +0 pair of gloves
MR       .....                  (no boots)
Stlth    +.........             (no amulet)
HPRegen  0.09/turn              (no ring)
MPRegen  0.08/turn              (no ring)

@: lethally poisoned (0 -> -9)
A: horns 1, powered by death 1
a: Renounce Religion


You were on level 2 of the Dungeon.
You worshipped Xom.
You were a toy of Xom.
You were not hungry.

You visited 1 branch of the dungeon, and saw 2 of its levels.

You collected 24 gold pieces.

Inventory:

Hand Weapons
 a - a +0 spear of chaos (weapon)
Missiles
 d - 29 stones (quivered)
Armour
 b - a +2 leather armour (worn)
 h - a +0 pair of gloves (worn)
Scrolls
 e - a scroll of remove curse
 g - 2 scrolls of enchant armour {unknown}
 j - a scroll of teleportation {unknown}
Potions
 i - a potion of curing {unknown}
Comestibles
 c - a ration


   Skills:
 + Level 3.5 Fighting
 * Level 3.3 Polearms
 + Level 2.1 Armour
 + Level 1.2 Dodging


You had 2 spell levels left.
You didn't know any spells.
Your spell library was empty.

Dungeon Overview and Level Annotations

Branches:
Dungeon (2/15)

Altars:

Annotations:
D:2 Robin


Innate Abilities, Weirdness & Mutations

You have a pair of small horns on your head.
You regenerate a little health from kills.


Message History

The goblin closely misses you.
A goblin comes into view.
You hit the goblin.
You feel better.
You kill the goblin!
Robin throws the goblin at you! The goblin hits you with a +0 club!
You hit the goblin.
The goblin flickers and vanishes!
Deactivating autopickup; reactivate with Ctrl-A.
Robin hits you but does no damage.
The goblin hits you with a +1 dagger of speed.
* * * LOW HITPOINT WARNING * * *
A goblin comes into view. It is wielding a +0 club.
Something hits you.
* * * LOW HITPOINT WARNING * * *
You barely miss something.
The goblin shouts!
You hear a shout!
Robin hits you from afar with a +0 spear of venom.
* * * LOW HITPOINT WARNING * * *
You are lethally poisoned!
The goblin closely misses you. Something hits you.
You die...

.## (. ######g.
#....r. # #...gg#
# #.....# #
#..gg.# # #g# #
#@# # #{# # #.# #
#.# # #.# # #.# #
#.################
#......)..........
##################


You could see Robin, a hobgoblin, 4 goblins and a rat.

Vanquished Creatures
  2 oozes (D:1)
  2 dart slugs (D:1)
  A leopard gecko (D:1)
  A ball python (D:2)
  4 goblins
  5 hobgoblins (D:1)
  3 bats (D:1)
  A frilled lizard (D:1)
  6 kobolds (D:1)
  A rat (D:1)
26 creatures vanquished.

Notes
Turn   | Place    | Note
-------+----------+-------------------------------------------
     0 | D:1      | mordie1001 the Demonspawn Chaos Knight began the quest for
                  | the Orb.
     0 | D:1      | Reached XP level 1. HP: 18/18 MP: 1/1
   111 | D:1      | XOM: harmless Pois miscast
   142 | D:1      | Gained mutation: You regenerate a little health from kills.
                  | [demonic ancestry]
   142 | D:1      | Reached XP level 2. HP: 19/24 MP: 2/2
   393 | D:1      | XOM: harmless Tmut miscast
   436 | D:1      | XOM: cast spell 'Alistair's Intoxication'
   447 | D:1      | Reached skill level 1 in Dodging
   454 | D:1      | XOM: harmless Tloc miscast
   542 | D:1      | Gained mutation: You have a pair of small horns on your
                  | head. [demonic ancestry]
   542 | D:1      | Reached XP level 3. HP: 22/29 MP: 3/3
   956 | D:1      | XOM: mild Summ miscast
   972 | D:1      | XOM: mild Tloc miscast
  1090 | D:1      | XOM: harmless Pois miscast
  1343 | D:2      | Noticed Robin
  1357 | D:2      | Slain by a goblin

Levels and vault maps discovered:
D:1:      lightli_arrival_statue_moat, layout_basic, due_unseen_surprise
D:2:      layout_basic, lemuel_crystal_altar, uniq_robin

Skill      XL: |  1  2 |
---------------+-------+-----
Polearms       | 3 |  3.3
Armour         | 2 |  2.1
Dodging        | 1 |  1.2
Fighting       | |  3.5

Action                   || total
-------------------------++-------
Melee: Spear             ||    75
       Headbutt          ||     2
Throw: Stone             ||    36
  Use: Scroll            ||     2
  Eat: Chunk             ||     1
Armor: Leather armour    ||    21
Dodge: Dodged            ||    26
